 Dungeon Crawl Stone Soup version 0.29-a0-330-g52719c12eb (webtiles) character file.

Game seed: 4427628670294015866

791 kae the Firebug (level 7, 0/36 HPs)
             Began as a Tengu Fire Elementalist on Apr 14, 2022.
             Slain by an orc wizard
             ... wielding a +0 dagger
              (3 damage)
             ... on level 4 of the Dungeon.
             The game lasted 00:03:18 (5438 turns).

kae the Firebug (Tengu Fire Elementalist)           Turns: 5438, Time: 00:03:19

Health: 0/36       AC:  4    Str:  8    XL:     7   Next: 88%
Magic:  12/14      EV: 14    Int: 17    God:
Gold:   206        SH:  0    Dex: 10    Spells: 1/14 levels left

rFire   + . .      SeeInvis .   t - +4 mace "Killer Klown's Foe" {vorpal, rPois rF+ rN+ Dex-5}
rCold   . . .      Faith    .   (no shield)
rNeg    + . .      Spirit   .   a - +1 robe
rPois   +          Reflect  .   (helmet restricted)
rElec   .          Harm     .   s - +0 cloak
rCorr   +          Rampage  .   (no gloves)
Will    .....                   (boots unavailable)
Stlth   ++........              (no amulet)
HPRegen 0.12/turn               n - ring of resist corrosion
MPRegen 0.14/turn               (no ring)

@: attractive, flying quickly and evasively, invisible, quick
A: beak, talons 3, nimble flight
a: no special abilities


You were on level 4 of the Dungeon.
You visited 1 branch of the dungeon, and saw 5 of its levels.

You collected 310 gold pieces.
You spent 104 gold pieces at shops.

Inventory:

Hand Weapons
 b - a +1 short sword of venom
 t - the +4 mace "Killer Klown's Foe" (weapon) {vorpal, rPois rF+ rN+ Dex-5}
   (You found it on level 4 of the Dungeon)

   It inflicts extra damage upon your enemies.
   Dex:       It affects your dexterity (-5).
   rF:        It protects you from fire.
   rPois:     It protects you from poison.
   rN:        It protects you from negative energy.
Missiles
 e - a throwing net
Armour
 a - a +1 robe (worn)
 s - a +0 cloak (worn)
Jewellery
 h - an amulet of faith
 n - a ring of resist corrosion (left hand)
Wands
 q - a wand of flame (30)
Scrolls
 g - a scroll of magic mapping
 l - 3 scrolls of amnesia
 o - a scroll of teleportation
 r - 2 scrolls of immolation {unknown}
Potions
 d - a potion of curing
 i - 5 potions of lignification
 j - a potion of degeneration
 k - a potion of ambrosia
 m - a potion of attraction
 p - a potion of invisibility


   Skills:
 - Level 2.1 Dodging
 - Level 2.0 Stealth
 + Level 4.3 Spellcasting
 + Level 5.6 Conjurations
 * Level 7.4 Fire Magic


You had one spell level left.
You knew the following spells:

 Your Spells              Type           Power      Damage    Failure   Level
a - Foxfire               Conj/Fire      100%       2x1d9     1%          1
b - Scorch                Fire           56%        2d7       1%          2
c - Conjure Flame         Conj/Fire      25%        6-21      3%          3
d - Inner Flame           Hex/Fire       16%        N/A       10%         3
e - Flame Wave            Conj/Fire      25%        2d7       11%         4

Your spell library contained the following spells:

 Spells                   Type           Power      Damage    Failure   Level
 Apportation              Tloc           6%         N/A       16%         1
 Alistair's Intoxication  Tmut/Pois      2%         N/A       99%         5


Dungeon Overview and Level Annotations

Branches:
Dungeon (5/15)
 Temple: D:4-7

Altars:
Cheibriados

Shops:
D:2 ?   D:4 (


Innate Abilities, Weirdness & Mutations

You have a beak for a mouth.
You have claws for feet.
Your magical nature lets you fly swiftly and evasively.


Message History

The orc wizard closely misses you.
You fly upwards.
There is a stone staircase leading down here.
It was a potion of attraction.
You feel attractive to monsters. The orc wizard closely misses you.
The orc wizard hits you with a +0 dagger.
* * * LOW HITPOINT WARNING * * *
It was a potion of invisibility.
You fade into invisibility!
The orc wizard misses you. The orc wizard closely misses you.
Okay, then.
As you read the scroll of fear, it crumbles to dust.
You assume a fearsome visage.
The orc wizard easily resists.
The orc wizard looks frightened!
The orc wizard closely misses you.
The orc wizard mumbles some strange words.
The orc wizard flickers and vanishes!
Deactivating autopickup; reactivate with Ctrl-A.
Okay, then.
Blink to where?
Press: ? - help, Dir - move target
As you read the scroll of blinking, it crumbles to dust.
The orc wizard is attracted toward you. The orc wizard is attracted toward you.
There is an open door here.
The orc wizard is attracted toward you.
You barely miss the orc wizard.
You claw the orc wizard, but do no damage.
The orc wizard is lightly wounded.
The orc wizard gestures at you while chanting.
You resist with some effort. The orc wizard misses you.
Something is attracted toward you.
Casting: Foxfire (safe; 1% risk of failure)
Confirm with . or Enter, or press ? or * to list all spells.
Flames lash the orc wizard.
The orc wizard is severely wounded.
The orc wizard's fire resistance burns away.
The orc wizard closely misses you. Something is attracted toward you.
The orc wizard hits you with a +0 dagger.
You die...

##....##....# #.......#......#
............# #.......#......#
#####.#####.# #.......#......#
#⌠≈≈###≈≈⌠#.# ###(#####......#
#≈≈≈≈≈≈≈≈≈#.########...§.#).....#
#≈≈≈#≈#≈≈≈#..............§{.....#
##≈##.##≈##.#......§...##'#######
.#≈#._.#≈#..#.####{...##........#
##≈##.##≈##.#.#.@o...............
#≈≈≈###≈≈≈#.#.#.##....##.......).
#≈≈≈≈≈≈≈≈≈#.....##....##.........
#⌠≈≈#'#≈≈⌠#.....##....###.#......
#####.#####....######## #.#......
.)..)..........# #.#......
###.#..........# #.#......
#.#..........# #<#......
#.#..........############......


You could see an orc wizard (can't see you, combustible).

Vanquished Creatures
  Sigmund (D:2)
  An ogre (D:5)
  Blork the orc (D:4)
  A scorpion (D:4)
  A howler monkey (D:4)
  A jelly (D:3)
  2 iguanas (D:4)
  Crazy Yiuf (D:4)
  Jessica (D:2)
  2 orc wizards (D:4)
  Robin (D:3)
  4 gnolls (D:5)
  4 adders
  2 ufetubi (D:4)
  A worm (D:4)
  6 dart slugs
  9 orcs
  5 bats
  2 endoplasms (D:4)
  4 giant cockroaches
  8 hobgoblins
  3 jackals (D:1)
  3 quokkas
  5 ball pythons
  5 frilled lizards
  14 goblins
  2 kobolds
  6 rats
96 creatures vanquished.

Vanquished Creatures (others)
  334 foxfires
334 creatures vanquished.

Grand Total: 430 creatures vanquished

Notes
Turn   | Place    | Note
-------+----------+-------------------------------------------
     0 | D:1      | kae the Tengu Fire Elementalist began the quest for the
                  | Orb.
     0 | D:1      | Reached XP level 1. HP: 10/10 MP: 4/4
   320 | D:1      | Reached XP level 2. HP: 15/15 MP: 4/6
   570 | D:1      | Found a faded altar of an unknown god.
  1450 | D:2      | Reached skill level 4 in Fire Magic
  1450 | D:2      | Reached XP level 3. HP: 19/19 MP: 4/7
  1693 | D:2      | Noticed Sigmund
  1698 | D:2      | Noticed Jessica
  2022 | D:2      | Killed Sigmund
  2023 | D:2      | Reached skill level 5 in Fire Magic
  2023 | D:2      | Reached XP level 4. HP: 21/24 MP: 6/9
  2023 | D:2      | Gained mutation: Your magical nature lets you fly swiftly
                  | and evasively. [Tengu growth]
  2023 | D:2      | Reached XP level 5. HP: 24/28 MP: 6/10
  2072 | D:2      | Found Itil's Magic Scroll Shoppe.
  2075 | D:2      | Bought a scroll of fear for 38 gold pieces
  2075 | D:2      | Bought 2 scrolls of identify for 44 gold pieces
  2075 | D:2      | Bought a scroll of identify for 22 gold pieces
  2123 | D:2      | Killed Jessica
  2209 | D:2      | Reached XP level 6. HP: 32/32 MP: 9/11
  2765 | D:3      | Noticed Robin
  2882 | D:3      | Killed Robin
  3500 | D:4      | Reached skill level 6 in Fire Magic
  3568 | D:4      | Noticed Blork the orc
  3578 | D:4      | Killed Blork the orc
  3579 | D:4      | Reached XP level 7. HP: 32/36 MP: 8/13
  3663 | D:4      | Learned a level 2 spell: Scorch
  3667 | D:4      | Learned a level 3 spell: Conjure Flame
  3671 | D:4      | Learned a level 3 spell: Inner Flame
  3676 | D:4      | Learned a level 4 spell: Flame Wave
  3805 | D:4      | Found a snail-covered altar of Cheibriados.
  3903 | D:4      | Reached skill level 5 in Conjurations
  4120 | D:4      | Identified the +2 robe "Eziwucul" {+Inv rN+ Dex+6 Stlth-}
  4473 | D:4      | Found Nosoj's Antique Weapon Shoppe.
  4802 | D:4      | Found a runed translucent door.
  4803 | D:4      | Noticed Crazy Yiuf
  4972 | D:4      | Killed Crazy Yiuf
  4973 | D:4      | Reached skill level 7 in Fire Magic
  5041 | D:4      | Identified the +4 mace "Killer Klown's Foe" {vorpal, rPois
                  | rF+ rN+ Dex-5}
  5075 | D:5      | Entered Level 5 of the Dungeon
  5438 | D:4      | Slain by an orc wizard

Illustrated notes

Levels and vault maps discovered:
D:1:      scummos_arrival_hexagon, layout_basic,
          hellmonk_ecumenical_altar_lost_god
D:2:      layout_basic, serial_shops, shop_scrolls, uniq_sigmund, uniq_jessica
D:3:      layout_basic, uniq_robin
D:4:      kennysheep_big_flooded_room, layout_basic, cheibrodos_worm_habitat,
          serial_shops, nicolae_shop_waterfront, uniq_blork_the_orc,
          uniq_crazy_yiuf_cottage
D:5:      layout_basic, mainiacjoe_overflow_brackets, kennysheep_mini_moat,
          minmay_misc_feat_doors, minmay_misc_feat_x, minivault_25,
          uniq_prince_ribbit1, uniq_duvessa

Skill      XL: |  1  2  3  4  5  6  7 |
---------------+----------------------+-----
Conjurations   | 2 3 4 5 |  5.6
Fire Magic     | 4 5 6 7 |  7.4
Spellcasting   | 3 4 |  4.3
Dodging        | |  2.1
Stealth        | |  2.0

Action                   |  1- 3 |  4- 6 |  7- 9 || total
-------------------------+-------+-------+-------++-------
Melee: Mace              |     1 |     5 |     2 ||     8
       Unarmed           |     1 |       |       ||     1
       Short sword       |       |    19 |    15 ||    34
       Peck              |       |    10 |       ||    10
       Kick              |       |     7 |     4 ||    11
       Punch             |       |     1 |       ||     1
 Cast: Foxfire           |    69 |    68 |    62 ||   199
       Scorch            |       |       |     7 ||     7
       Conjure Flame     |       |       |     2 ||     2
  Use: Scroll            |     6 |     7 |     2 ||    15
       Potion            |     1 |       |     2 ||     3
Armor: Robe              |     1 |     6 |     9 ||    16
Dodge: Dodged            |    15 |    29 |    31 ||    75

Table legend: (Time is in decaauts)
 A = Elapsed time spent in this place.
 B = Non-inter-level travel time spent in this place.
 C = Inter-level travel time spent in this place.
 D = Time resting spent in this place.
 E = Time spent auto-exploring this place.
 F = Levels seen in this place.
 G = Mean time per level.
                   A        B        C        D        E       F      G
               +--------+--------+--------+--------+--------+-----+--------+
         Total |   5273 |   5166 |    107 |    662 |   3671 |   5 | 1054.6 |
       Dungeon |   5273 |   5166 |    107 |    662 |   3671 |   5 | 1054.6 |
               +--------+--------+--------+--------+--------+-----+--------+

Top non-repeatable levels by time:
     D:4: 1718 daAuts
     D:1: 1557 daAuts
     D:2: 888 daAuts
     D:3: 878 daAuts
     D:5: 230 daAuts
